 Dungeon Crawl Stone Soup version 0.19-a0-867-g949743d (webtiles) character file.

15417 matakusis the Nimble (level 12, -4/100 HPs)
             Began as a Demonspawn Gladiator on July 3, 2016.
             Was a Priest of Hepliaklqana.
             Killed by divine providence
             ... invoked by an orc priest
             ... led by Saint Roka
              (10 damage)
             ... on level 2 of the Orcish Mines.
             The game lasted 00:44:00 (9609 turns).

matakusis the Nimble (Demonspawn Gladiator)         Turns: 9609, Time: 00:44:00

Health: -4/100     AC: 13    Str: 10    XL:     12   Next: 1%
Magic:  0/12       EV: 20    Int: 16    God:    Hepliaklqana [***...]
Gold:   946        SH: 10    Dex: 21    Spells: 0 memorised, 11 levels left

rFire  . . .     SeeInvis .     u - +9 war axe of a volcano {freeze, rN+ Str-5 Int+6}
rCold  + . .     Gourm    .     I - +0 troll leather armour
rNeg   + + .     Faith    .     Q - +1 buckler {rN+}
rPois  .         Spirit   +     M - +1 helmet
rElec  .         Dismiss  .     B - +0 cloak
rCorr  .         Reflect  +     i - +0 pair of gloves
SustAt .         Harm     .     (no boots)
MR     .....     Clarity  +     E - +4 amulet of reflection
Stlth  +.........               G - +1 ring of slaying
                                o - +2 ring of dexterity

@: lethally poisoned (-4 -> -5), exhausted, slowed, very slow, not resistant to
hostile enchantments, very unstealthy
A: hooves 2, icy blue scales 3, clarity, spiny 2, wild magic 1, magic shield,
magic regeneration
a: Recall Ancestor, Ancestor Identity, Transference, Renounce Religion


You were on level 2 of the Orcish Mines.
You worshipped Hepliaklqana.
Hepliaklqana was most pleased with you.
You were very hungry.

You visited 3 branches of the dungeon, and saw 13 of its levels.

You collected 1148 gold pieces.
You spent 202 gold pieces at shops.

Inventory:

Hand Weapons
 a - a +1 long sword of electrocution
 j - the +9 staff of Olgreb {rPois}
   (You found it on level 6 of the Dungeon)

   It protects you from poison.
 r - the +3 flail of the Feather {freeze, Str+3 Int+4}
   (You found it on level 9 of the Dungeon)

   It has been specially enchanted to freeze those struck by it, causing extra
   injury to most foes and up to half again as much damage against particularly
   susceptible opponents.
   It can also slow down cold-blooded creatures.
   It affects your strength (+3).
   It affects your intelligence (+4).
 u - the +9 war axe of a volcano (weapon) {freeze, rN+ Str-5 Int+6}
   (You found it on level 4 of the Dungeon)

   It has been specially enchanted to freeze those struck by it, causing extra
   injury to most foes and up to half again as much damage against particularly
   susceptible opponents.
   It can also slow down cold-blooded creatures.
   It affects your strength (-5).
   It affects your intelligence (+6).
   It protects you from negative energy.
Missiles
 d - 4 throwing nets (quivered)
 x - 8 javelins of penetration
 P - 4 exploding tomahawks
Armour
 c - the +5 chain mail of Panentheism {Regen+ rCorr Str-4}
   (You found it on level 10 of the Dungeon)

   It affects your strength (-4).
   It increases your rate of regeneration.
   It protects you from acid and corrosion.
 i - a +0 pair of gloves (worn)
 q - a +1 leather armour of fire resistance
 B - a +0 cloak (worn)
 D - the +0 pair of boots of Elitism {rC+ rN++ Str-5}
   (You acquired it on level 5 of the Dungeon)

   It affects your strength (-5).
   It protects you from cold.
   It greatly protects you from negative energy.
 I - a +0 troll leather armour (worn)
 M - a +1 helmet (worn)
 Q - a +1 buckler of positive energy (worn)
Jewellery
 o - a +2 ring of dexterity (left hand)
 t - an uncursed ring of protection from cold
 E - a +4 amulet of reflection (around neck)
 G - a +1 ring of slaying (right hand)
Wands
 H - a wand of slowing (19/48)
 K - a wand of random effects (31/48)
 O - a wand of acid (6/15)
Scrolls
 k - 3 scrolls of identify
 p - a scroll of immolation
 s - 3 scrolls of remove curse
 v - 4 scrolls of magic mapping
 y - a scroll of enchant armour
 z - a scroll of fog
 C - a scroll of fear
 F - a scroll of blinking
 J - a scroll of enchant weapon
Potions
 b - a potion of berserk rage
 e - 3 potions of lignification
 g - a potion of resistance
 h - 5 potions of flight
 n - 7 potions of curing
 w - a potion of cancellation
 L - a potion of agility
Comestibles
 f - 10 bread rations
 l - 5 fruits
 m - 4 slices of pizza
 A - 6 meat rations
 N - 22 chunks of flesh


   Skills:
 * Level 11.1 Fighting
 + Level 3.7 Long Blades
 + Level 7.1 Axes
 - Level 1.7 Throwing
 + Level 4.5 Armour
 * Level 11.8 Dodging
 * Level 2.2 Shields


You had 11 spell levels left.
You didn't know any spells.

Dungeon Overview and Level Annotations

Branches:
Dungeon (10/15)            Temple (1/1) D:6            Lair (0/6) D:9
    Orc (2/2) D:10            Elf (0/3) Orc:2

Altars:
Ashenzari
Cheibriados
Dithmenos
Elyvilon
Fedhas
Gozag
Hepliaklqana
Kikubaaqudgha
Makhleb
Nemelex Xobeh
Okawaru
Pakellas
Qazlal
Ru
Sif Muna
Trog
Uskayaw
Vehumet
Xom
Yredelemnul
Zin
The Shining One
Beogh

Shops:
Orc:2 [%[

Annotations:
D:8 exclusion: oklob plant, Maurice
Orc:2 Saint Roka


Innate Abilities, Weirdness & Mutations

You have hoof-like feet.
You are completely covered in icy blue scales. (AC +4, EV -1, rC+)
You are mostly covered in sharp spines.
When hurt, damage is shared between your health and your magic reserves.
You regenerate magic rapidly.
You possess an exceptional clarity of mind.
Your spells are a little harder to cast, but a little more powerful.


Message History

Saint Roka says, "In the orcish mines, orcs kill the likes of YOU!"
You are no longer berserk.
You are exhausted.
You feel yourself slow down.
You are feeling very hungry.
You feel sick.
The orc no longer looks unusually strong.
The orc warrior no longer looks unusually strong.
The orc no longer looks unusually strong.
You feel sick.
The orc no longer looks unusually strong.
The orc warrior throws a tomahawk.
The tomahawk misses you.
The orc warrior throws a tomahawk.
You reflect the tomahawk off an invisible shield around you!
The tomahawk hits the orc warrior!!
The orc priest calls upon Beogh to heal the orc warrior.
The orc warrior is healed somewhat.
The orc priest mumbles some strange prayers to Beogh against you.
Beogh smites you!
You die...

....... .# ...............# .##
...............# # ..#
..............#### o# ..#
..............#.8##+###o##8.##.#
..........#.8.'(@.o.oooo.....#.##
..............'....).8)ooo.._#.##
............8)).).....ooo....#.#.
......))).....#)8##+###o##8.##...
.#####).......####


oo# ∩#..#. ##........# 3.# ##..## #........## 3###..###
#.........##########...## #....................### You could see 5 orc warriors,
2 orc priests, an orc wizard and 2 orcs.

Vanquished Creatures
  An orc warlord (Orc:2)
  An orc high priest (Orc:1)
  The ghost of Yehuk the Covert, a novice VSBe of Trog (D:7)
  2 orc sorcerers
  Psyche (D:9)
  The ghost of Television the Conjurer, a novice DsAE of Cheibriados (D:8)
  A troll (D:9)
  Grinder (D:6)
  Sigmund (D:6)
  7 yaks (D:9)
  A spriggan (D:10)
  A hill giant zombie (D:10)
  2 hungry ghosts
  4 soldier ants
  4 wargs
  A water moccasin (D:6)
  15 orc warriors
  A black bear (D:6)
  A sky beast (D:10)
  A wasp (D:7)
  A phantom (D:10)
  11 ogres
  A centaur (D:6)
  3 big kobolds
  2 giant frogs
  2 scorpions
  2 troll zombies (D:10)
  A water moccasin skeleton (D:8)
  15 killer bees
  5 howler monkeys
  4 crimson imps
  A giant frog zombie (D:7)
  A centaur zombie (D:5)
  4 hounds
  2 jellies
  10 orc priests
  3 centaur skeletons
  2 iguanas
  17 orc wizards
  4 worker ants
  2 ogre zombies (D:10)
  A hound zombie (D:6)
  A river rat (D:6)
  17 adders
  3 adder skeletons
  3 worms
  7 giant geckos
  49 orcs
  7 giant cockroaches
  9 goblins
  7 hobgoblins
  6 jackals
  17 kobolds
  2 quokkas
  A ball python (D:2)
  6 bats
  A giant cockroach zombie (D:5)
  3 giant newts
  A goblin skeleton (D:10)
  2 goblin zombies (D:10)
  2 hobgoblin skeletons (D:10)
  3 hobgoblin zombies (D:10)
  A jackal skeleton (D:4)
  15 orc zombies (D:10)
  A quokka skeleton (D:4)
  A quokka zombie (D:7)
  10 rats
  2 plants (D:9)
319 creatures vanquished.

Vanquished Creatures (collateral kills)
  An orc knight (Orc:2)
  An orc sorcerer (Orc:1)
  A komodo dragon (D:9)
  A troll (Orc:1)
  2 yaks (D:9)
  A hill giant zombie (D:10)
  A warg (Orc:1)
  A water moccasin (D:10)
  6 orc warriors
  A sky beast (D:6)
  A phantom (D:10)
  An orc priest (Orc:2)
  3 orc wizards
  An iguana (D:9)
  A worker ant (D:6)
  2 ogre zombies (D:10)
  A shadow imp (D:6)
  8 orcs
  A goblin zombie (D:10)
  A kobold (D:8)
  An orc zombie (D:10)
37 creatures vanquished.

Vanquished Creatures (others)
  2 battlemagi (Orc:2)
  An orc (Orc:2)
3 creatures vanquished.

Grand Total: 359 creatures vanquished

Notes
Turn   | Place    | Note
-------+----------+-------------------------------------------
     0 | D:1      | matakusis the Demonspawn Gladiator began the quest for the Orb.
     0 | D:1      | Reached XP level 1. HP: 16/16 MP: 1/1
    16 | D:1      | Noticed a minotaur zombie
   116 | D:1      | Gained mutation: You are partially covered in icy blue scales. (AC +1) [demonic ancestry]
   116 | D:1      | Reached XP level 2. HP: 11/22 MP: 2/2
   787 | D:2      | Gained mutation: You are partially covered in sharp spines. [demonic ancestry]
   787 | D:2      | Reached XP level 3. HP: 9/28 MP: 3/3
  1411 | D:2      | Found an oddly glowing altar of Pakellas.
  1443 | D:2      | Gained mutation: Your spells are a little harder to cast, but a little more powerful. [potion of beneficial mutation]
  1445 | D:2      | Gained mutation: You possess an exceptional clarity of mind. [potion of beneficial mutation]
  1576 | D:3      | Reached skill level 1 in Armour
  1576 | D:3      | Gained mutation: You are mostly covered in icy blue scales. (AC +3, EV -1) [demonic ancestry]
  1576 | D:3      | Reached XP level 4. HP: 35/35 MP: 4/4
  1755 | D:3      | Found a shadowy altar of Dithmenos.
  1933 | D:3      | Found a glowing silver altar of Zin.
  2186 | D:3      | Gained mutation: When hurt, damage is shared between your health and your magic reserves. [demonic ancestry]
  2186 | D:3      | Reached XP level 5. HP: 40/41 MP: 5/5
  2294 | D:4      | Got an ichor-stained war axe
  2295 | D:4      | Identified the +9 war axe of a volcano {freeze, rN+ Str-5 Int+6} (You found it on level 4 of the Dungeon)
  2422 | D:4      | Reached XP level 6. HP: 43/47 MP: 6/6
  2639 | D:4      | Found a shimmering altar of Xom.
  2639 | D:4      | Found a sacrificial altar of Ru.
  2902 | D:5      | Entered Level 5 of the Dungeon
  3001 | D:5      | Reached skill level 5 in Dodging
  3229 | D:5      | Found a glowing golden altar of the Shining One.
  3281 | D:5      | Gained mutation: You regenerate magic rapidly. [demonic ancestry]
  3281 | D:5      | Reached XP level 7. HP: 54/54 MP: 5/7
  3841 | D:5      | Identified a scroll of acquirement
  3844 | D:5      | Got a pair of heavily runed boots
  3850 | D:5      | Identified the +0 pair of boots of Elitism {rC+ rN++ Str-5} (You acquired it on level 5 of the Dungeon)
  4055 | D:6      | Found a runed door.
  4060 | D:6      | Found a runed gate.
  4061 | D:6      | Found a runed door.
  4073 | D:6      | Found a runed gate.
  4073 | D:6      | Found a runed gate.
  4109 | D:6      | Got a distressingly furry robe
  4184 | D:6      | Found a white marble altar of Elyvilon.
  4194 | D:6      | Found a staircase to the Ecumenical Temple.
  4200 | Temple   | Entered the Ecumenical Temple
  4463 | Temple   | Became a worshipper of Hepliaklqana
  4493 | D:6      | Noticed Grinder
  4495 | D:6      | Paralysed by Grinder for 7 turns
  4504 | D:6      | Killed Grinder
  4504 | D:6      | Reached skill level 5 in Fighting
  4504 | D:6      | Reached XP level 8. HP: 45/62 MP: 8/8
  4510 | D:6      | Found a stormy altar of Qazlal.
  4516 | D:6      | Noticed Sigmund
  4521 | D:6      | Killed Sigmund
  4618 | D:6      | Found a sparkling altar of Nemelex Xobeh.
  4619 | D:6      | Found an opulent altar of Gozag.
  4783 | D:6      | Identified the +2 robe of Reqacr Ifaph {rN+} (You found it on level 6 of the Dungeon)
  5204 | D:6      | Gained mutation: You have large cloven feet. [demonic ancestry]
  5204 | D:6      | Reached XP level 9. HP: 67/71 MP: 7/9
  5207 | D:6      | Reached skill level 1 in Axes
  5348 | D:7      | Found a shattered altar of Ashenzari.
  5753 | D:7      | Noticed Yehuk's ghost (novice VSBe)
  5760 | D:7      | Killed Yehuk's ghost
  6268 | D:8      | Reached * piety under Hepliaklqana
  6277 | D:8      | Gained mutation: You are completely covered in icy blue scales. (AC +4, EV -1, rC+) [demonic ancestry]
  6277 | D:8      | Reached XP level 10. HP: 80/80 MP: 10/10
  6667 | D:8      | Noticed Maurice
  6792 | D:8      | Found a blossoming altar of Fedhas.
  6792 | D:8      | Noticed Television's ghost (novice DsAE)
  6804 | D:8      | Killed Television's ghost
  6811 | D:8      | Noticed an oklob plant
  7073 | D:9      | Noticed Psyche
  7079 | D:9      | Killed Psyche
  7079 | D:9      | Reached skill level 10 in Dodging
  7431 | D:9      | Found a bloodstained altar of Trog.
  7499 | D:9      | Reached ** piety under Hepliaklqana
  7500 | D:9      | Remembered your ancestor Henutmehyt as a battlemage
  7574 | D:9      | Found a staircase to the Lair.
  7579 | D:9      | Got an iridescent flail
  7580 | D:9      | Identified the +3 flail of the Feather {freeze, Str+3 Int+4} (You found it on level 9 of the Dungeon)
  7710 | D:10     | Entered Level 10 of the Dungeon
  7768 | D:10     | Found a staircase to the Orcish Mines.
  7771 | D:10     | Reached skill level 5 in Axes
  7781 | D:10     | Gained mutation: You are mostly covered in sharp spines. [demonic ancestry]
  7781 | D:10     | Reached XP level 11. HP: 90/90 MP: 11/11
  7870 | D:10     | Reached skill level 10 in Fighting
  8196 | D:10     | Got an ancient chain mail
  8207 | D:10     | Identified the +5 chain mail of Panentheism {Regen+ rCorr Str-4} (You found it on level 10 of the Dungeon)
  8723 | Orc:1    | Entered Level 1 of the Orcish Mines
  8764 | Orc:1    | Noticed an orc sorcerer
  8768 | Orc:1    | Paralysed by an orc sorcerer for 4 turns
  8769 | Orc:1    | Killed an orc sorcerer
  8802 | Orc:1    | Noticed an orc high priest
  8810 | Orc:1    | Killed an orc high priest
  8811 | Orc:1    | Noticed an orc sorcerer
  8814 | Orc:1    | Killed an orc sorcerer
  8920 | Orc:1    | Reached *** piety under Hepliaklqana
  9081 | Orc:2    | Entered Level 2 of the Orcish Mines
  9109 | Orc:2    | Found a burning altar of Makhleb.
  9149 | Orc:2    | Found a roughly hewn altar of Beogh.
  9310 | Orc:2    | Found a roughly hewn altar of Beogh.
  9321 | Orc:2    | Found Duhuaho's Armour Boutique.
  9327 | Orc:2    | Bought a +1 buckler of positive energy for 202 gold pieces
  9379 | Orc:2    | Found a roughly hewn altar of Beogh.
  9384 | Orc:2    | Noticed an orc knight
  9391 | Orc:2    | Killed an orc knight
  9392 | Orc:2    | Found Raycvi's Food Shoppe.
  9456 | Orc:2    | Found a staircase to the Elven Halls.
  9456 | Orc:2    | Noticed an orc warlord
  9463 | Orc:2    | Reached skill level 1 in Shields
  9470 | Orc:2    | Killed an orc warlord
  9593 | Orc:2    | Found Otuafum's Antique Armour Shop.
  9593 | Orc:2    | Noticed Saint Roka
  9594 | Orc:2    | Noticed an orc sorcerer
  9599 | Orc:2    | Found a roughly hewn altar of Beogh.
  9599 | Orc:2    | Noticed an orc high priest
  9601 | Orc:2    | Killed an orc sorcerer
  9601 | Orc:2    | Gained mutation: You have hoof-like feet. [demonic ancestry]
  9601 | Orc:2    | Reached XP level 12. HP: 45/100 MP: 3/12
  9609 | Orc:2    | Killed from afar by an orc priest

Vault maps used:
D:1:      shiori_arrival_whats_in_store_for_you
D:2:      grunt_pakellas_salt
D:3:      grunt_dithmenos_smoke, zin_statuary
D:4:      gammafunk_temple_overflow_wave, minmay_goblin_outpost
D:5:      tso_oasis_becter, first_bread
D:6:      grunt_temple_overflow_opulence, kennysheep_mini_moat,
          old_standard_altar, gup_sewer_entry_spiral,
          minmay_guarded_unrand_staff_of_olgreb, uniq_sigmund, uniq_grinder
D:7:      lemuel_doored_altar
D:8:      tgw_fedhas, uniq_maurice
D:9:      kennysheep_mini, david_lair_shrubbed, uniq_psyche
D:10:     zombieorc2_lemuel, the_bakery
Temple:   dpeg_chambers_temple
Orc:2:    grunt_orc_community_town_hall, grunt_orc_community_big_house_2,
          grunt_orc_community_big_house_2, grunt_orc_community_house_1,
          grunt_orc_community_house_1, grunt_orc_community_house_1,
          grunt_orc_community_house_3, grunt_orc_community_house_2, basic_altar,
          bloody_makhleb, uniq_maud, uniq_rupert

Skill      XL: |  1  2  3  4  5  6  7  8  9 10 11 |
---------------+----------------------------------+-----
Dodging        | 3 4 5 6 7 9 10 11 | 11.8
Long Blades    | 3 |  3.7
Fighting       | 3 4 5 6 8 9 11 | 11.1
Armour         | 1 2 3 4 |  4.5
Axes           | 3 5 7 |  7.1
Shields        | 2 |  2.2
Throwing       | |  1.7

Action                   |  1- 3 |  4- 6 |  7- 9 | 10-12 || total
-------------------------+-------+-------+-------+-------++-------
Melee: Long sword        |   114 |    49 |       |       ||   163
       War axe           |       |    32 |   155 |   259 ||   446
       Kick              |       |       |     2 |    91 ||    93
Invok: Ancestor Life: Ba |       |       |       |     1 ||     1
  Use: Scroll            |     6 |     5 |     8 |     2 ||    21
       Potion            |     4 |       |     5 |     2 ||    11
 Stab: Sleeping          |     1 |       |     1 |     2 ||     4
       Distracted        |       |       |     2 |     5 ||     7
  Eat: Chunk             |     2 |     5 |     8 |     9 ||    24
       Beef jerky        |       |       |     1 |     2 ||     3
       Royal jelly       |       |       |     1 |       ||     1
       Fruit             |       |       |       |     1 ||     1
Armor: Leather armour    |    23 |    34 |    61 |    16 ||   134
       Troll leather arm |       |       |       |    42 ||    42
Dodge: Dodged            |    66 |    63 |    98 |   223 ||   450
Block: Other             |       |       |    19 |    46 ||    65
       Reflection        |       |       |     1 |     5 ||     6
       Buckler           |       |       |       |    26 ||    26
